 Dungeon Crawl Stone Soup version 0.24-a0-516-g9de272bb65 (webtiles) character file.

Game seed: 5687380315728432078

4957 KristoblXynda the Grappler (level 10, -4/81 HPs)
             Began as a Troll Wizard on July 21, 2019.
             Was a Believer of Ashenzari.
             Slain by a smoke demon (5 damage)
             ... summoned by a kobold demonologist
             ... in a bailey.
             The game lasted 00:18:37 (7371 turns).

KristoblXynda the Grappler (Troll Wizard)           Turns: 7371, Time: 00:18:38

Health: -4/81      AC:  8    Str: 17    XL:     10   Next: 28%
Magic:  8/12       EV: 10    Int: 17    God:    Ashenzari [**....]
Gold:   220        SH:  3    Dex:  8    Spells: 6/13 levels left

rFire    + . .     SeeInvis .     - Unarmed
rCold    . . .     Gourm    +   (no shield)
rNeg     . . .     Faith    .   s - +1 robe (curse)
rPois    .         Spirit   .   b - +0 hat (curse)
rElec    .         Reflect  +   o - +0 cloak
rCorr    .         Harm     .   (gloves unavailable)
MR       .....                  (boots unavailable)
Stlth    +.........             p - +3 amulet of reflection (curse)
HPRegen  0.63/turn              c - ring of protection from fire (curse)
MPRegen  0.13/turn              (no ring)

@: liquid flames, very slightly contaminated, glowing
A: large, unfitting armour, claws 3, fast metabolism 3, gourmand, regeneration
1, shaggy fur 1, tough skin 3
a: Curse Item, Scrying, Renounce Religion


You were in a bailey.
You worshipped Ashenzari.
Ashenzari was pleased with you.
You were not hungry.

You visited 2 branches of the dungeon, and saw 9 of its levels.
You also visited: Sewer and Bailey.

You collected 424 gold pieces.
You spent 204 gold pieces at shops.

Inventory:

Hand Weapons
 d - a +3 whip of electrocution
Armour
 b - a cursed +0 hat (worn)
 o - a +0 cloak (worn)
 s - a cursed +1 robe (worn)
Jewellery
 c - a cursed ring of protection from fire (left claw)
 p - a cursed +3 amulet of reflection (around neck)
Wands
 e - a wand of paralysis (11)
 k - a wand of digging (8)
 r - a wand of iceblast (14)
Scrolls
 g - 2 scrolls of blinking
 h - 11 scrolls of remove curse
 l - 6 scrolls of teleportation
 q - 3 scrolls of enchant armour
 v - 2 scrolls of amnesia
Potions
 a - a potion of heal wounds
 f - 3 potions of magic
 i - 3 potions of haste
 j - 2 potions of might
 m - a potion of berserk rage {unknown}
 t - 4 potions of curing
 u - a potion of degeneration {unknown}
 w - 2 potions of brilliance {unknown}
 x - a potion of invisibility
Comestibles
 n - 4 rations


   Skills:
 - Level 1.5(2.6) Dodging
 - Level 1.0(1.9) Stealth
 + Level 9.6 Unarmed Combat
 - Level 2.0 Spellcasting
 + Level 7.4(9.0) Conjurations
   Level 0.6(1.3) Summonings
   Level 0.6(1.3) Translocations
 + Level 5.0(6.4) Transmutations


You had 6 spell levels left.
You knew the following spells:

 Your Spells              Type           Power        Failure   Level  Hunger
b - Mephitic Cloud        Conj/Pois/Air  ##......     16%         3    ###....
c - Ice Form              Ice/Tmut       ##......     45%         4    #####..

Your spell library contained the following spells:

 Spells                   Type           Power        Failure   Level  Hunger
 Beastly Appendage        Tmut           ###...       1%          1    #......
 Magic Dart               Conj           ####         1%          1    #......
 Sticks to Snakes         Tmut           ###.....     1%          2    ###....
 Conjure Flame            Conj/Fire      ###.....     9%          3    ###....
 Spider Form              Tmut/Pois      ##........   16%         3    ###....
 Blink                    Tloc           N/A          17%         2    ###....
 Call Imp                 Summ           #.......     17%         2    ###....
 Slow                     Hex            #.......     26%         2    ###....
 Blade Hands              Tmut           ###.......   36%         5    ######.


Dungeon Overview and Level Annotations

Branches:
Dungeon (8/15)             Temple (1/1) D:4
   Lair: D:8-11

Altars:
Ashenzari
Cheibriados
Dithmenos
Elyvilon
Fedhas
Hepliaklqana
Kikubaaqudgha
Makhleb
Nemelex Xobeh
Qazlal
Ru
Trog
Uskayaw
Xom
Yredelemnul
Zin
The Shining One

Shops:
D:5 :   D:6 *


Innate Abilities, Weirdness & Mutations

You are too large for most types of armour.
You have claws for hands.
Your metabolism is lightning-fast.
You like to eat raw meat.
Your natural rate of healing is unusually fast.
You are covered in fur. (AC +1)
You have extremely tough skin. (AC +3)


Message History

The orc high priest is moderately wounded.
You are covered in liquid flames!
* * * LOW HITPOINT WARNING * * *
The orc high priest barely misses you. The gnoll hits you with a +0 hand axe.
* * * LOW HITPOINT WARNING * * *
The ice devil barely misses you. The smoke demon hits you.
* * * LOW HITPOINT WARNING * * *
The smoke demon hits you but does no damage. x2
The orange demon stings you.
* * * LOW HITPOINT WARNING * * *
The orange demon barely misses you.
You feel much better.
You are covered in liquid flames!
The orc high priest hits you with a +0 war axe.
The gnoll hits you but does no damage. The ice devil hits you!
* * * LOW HITPOINT WARNING * * *
The ice devil freezes you!!
* * * LOW HITPOINT WARNING * * *
You block the smoke demon's attack. The smoke demon hits you.
You die...

≈≈≈≈≈≈≈≈...≈≈≈≈≈≈≈
≈
≈≈≈≈≈≈≈≈...≈≈≈≈≈≈≈
###≈≈≈≈...≈≈≈≈### *
≈ ≈ ,#...........#,
,,#####)''##### , ≈
,,,,#..'.))..'..# ≈
, ,#..').)..'..# ≈
≈ ####..#..)..#..#
* ≈ ≈
#..3@4#.....#.....
≈
#.8go4#.....#...8.#
≈ ≈ ≈
#gg4K.#######.....#
≈ ≈≈≈,#.8g###
##.8.# ≈ ≈≈ #..g.
,, , ...#, ≈ ,#.8..
, ,,.8.# ≈ ,'....g
, ≈≈ ≈ .##'#..,, ,
≈≈≈ ≈. .. ### ,


You could see an orc high priest, an orange demon, 2 ice devils, a kobold
demonologist, a smoke demon, a gnoll, 2 hobgoblins and 2 goblins.

Vanquished Creatures
  Pikel (D:6)
  A gargoyle (D:7)
  2 hippogriffs (D:7)
  Sigmund (D:3)
  A wyvern (D:8)
  Menkaure (D:4)
  Duvessa (D:4)
  4 orc warriors (Bailey)
  2 slaves (D:6)
  A black bear (D:8)
  A sky beast (D:8)
  4 ogres
  A phantom (D:5)
  5 centaurs
  A crocodile (D:7)
  A big kobold (D:7)
  Blork the orc (D:6)
  4 bullfrogs (D:6)
  Dowan (D:4)
  A scorpion (D:7)
  4 killer bees (D:7)
  3 wights (D:7)
  An electric eel (Bailey)
  4 howler monkeys
  2 crimson imps
  A bullfrog zombie (D:8)
  An orc priest (D:2)
  Crazy Yiuf (D:4)
  3 hounds
  A centaur skeleton (D:4)
  Natasha (twice) (D:4)
  Ijyb (D:3)
  Terence (D:3)
  5 orc wizards
  7 worker ants
  A killer bee zombie (D:7)
  A hound skeleton (D:7)
  4 gnolls (D:6)
  A howler monkey skeleton (D:6)
  10 adders
  5 river rats (Sewer)
  2 shadow imps
  2 adder skeletons
  2 worms (D:2)
  A dart slug (D:4)
  4 leopard geckos
  18 orcs
  4 giant cockroaches
  6 goblins
  10 hobgoblins
  8 jackals
  9 kobolds
  3 quokkas
  3 ball pythons
  4 bats
  13 frilled lizards
  13 rats
196 creatures vanquished.

Vanquished Creatures (others)
  An adder (D:6)
  A jackal skeleton (D:6)
2 creatures vanquished.

Grand Total: 198 creatures vanquished

Notes
Turn   | Place    | Note
-------+----------+-------------------------------------------
     0 | D:1      | KristoblXynda the Troll Wizard began the quest for the Orb.
     0 | D:1      | Reached XP level 1. HP: 16/16 MP: 2/2
   116 | D:1      | You fall into a shaft and drop 1 floor!
   117 | D:2      | Found a shattered altar of Ashenzari.
   153 | D:2      | Became a worshipper of Ashenzari the Shackled
   188 | D:2      | Noticed a worker ant
   196 | D:2      | Reached skill level 1 in Conjurations
   198 | D:2      | Reached skill level 1 in Unarmed Combat
   201 | D:2      | Reached XP level 2. HP: 22/24 MP: 4/4
  1059 | D:2      | Reached XP level 3. HP: 31/31 MP: 5/5
  1078 | D:2      | Reached skill level 2 in Unarmed Combat
  1335 | D:2      | Reached XP level 4. HP: 39/39 MP: 6/6
  1493 | D:2      | Noticed a moth of wrath
  1514 | D:2      | Reached skill level 3 in Unarmed Combat
  1601 | D:2      | Found a bloodstained altar of Trog.
  1770 | D:2      | Reached XP level 5. HP: 40/45 MP: 7/7
  1850 | D:3      | Noticed Terence
  1856 | D:3      | Killed Terence
  2013 | D:3      | Noticed Ijyb
  2026 | D:3      | Killed Ijyb
  2513 | D:3      | Noticed Sigmund
  2519 | D:3      | Learned a level 3 spell: Mephitic Cloud
  2529 | D:3      | Killed Sigmund
  2529 | D:3      | Reached skill level 4 in Unarmed Combat
  2529 | D:3      | Reached XP level 6. HP: 47/53 MP: 4/8
  2680 | D:4      | Reached * piety under Ashenzari
  2680 | D:4      | Noticed Menkaure
  2691 | D:4      | Killed Menkaure
  2695 | D:4      | Reached skill level 5 in Unarmed Combat
  2695 | D:4      | Reached XP level 7. HP: 26/59 MP: 9/9
  2727 | D:4      | Noticed Natasha
  2733 | D:4      | Killed Natasha
  2835 | D:4      | Noticed Duvessa
  2850 | D:4      | Killed Duvessa
  2855 | D:4      | Noticed Dowan
  2865 | D:4      | Killed Dowan
  2885 | D:4      | Found a glowing drain.
  2900 | Sewer    | Entered a sewer
  3146 | Sewer    | Reached skill level 6 in Unarmed Combat
  3483 | D:4      | Found a snail-covered altar of Cheibriados.
  3484 | D:4      | Found a sacrificial altar of Ru.
  3558 | D:4      | Found a runed translucent door.
  3559 | D:4      | Noticed Crazy Yiuf
  3570 | D:4      | Killed Crazy Yiuf
  3636 | D:4      | Noticed Natasha
  3644 | D:4      | Killed Natasha
  3644 | D:4      | Reached XP level 8. HP: 56/67 MP: 10/10
  3646 | D:4      | Reached skill level 5 in Conjurations
  3948 | D:4      | Found a staircase to the Ecumenical Temple.
  3953 | Temple   | Entered the Ecumenical Temple
  4103 | D:5      | Entered Level 5 of the Dungeon
  4237 | D:5      | Learned a level 4 spell: Ice Form
  4365 | D:5      | Reached skill level 7 in Unarmed Combat
  4440 | D:5      | Reached skill level 1 in Transmutations
  4592 | D:5      | Found Duuseh's Book Shoppe.
  4911 | D:6      | Noticed Blork the orc
  4917 | D:6      | Killed Blork the orc
  5038 | D:6      | Found Qobriac's General Store.
  5043 | D:6      | Bought a +3 amulet of reflection for 204 gold pieces
  5771 | D:6      | Reached XP level 9. HP: 72/74 MP: 11/11
  5784 | D:6      | Noticed Pikel
  5821 | D:6      | Killed Pikel
  5821 | D:6      | Reached skill level 8 in Unarmed Combat
  6188 | D:7      | Noticed a gargoyle
  6202 | D:7      | Killed a gargoyle
  6453 | D:7      | Reached skill level 9 in Unarmed Combat
  6675 | D:7      | Found a hazy altar of Hepliaklqana.
  6695 | D:7      | Reached ** piety under Ashenzari
  6763 | D:7      | Reached XP level 10. HP: 68/81 MP: 10/12
  7054 | D:8      | Found a flagged portal.
  7115 | Bailey   | Entered a bailey
  7353 | Bailey   | Noticed a smoke demon
  7353 | Bailey   | Noticed an orc high priest
  7356 | Bailey   | Noticed an orange demon
  7365 | Bailey   | Reached skill level 5 in Transmutations
  7371 | Bailey   | HP: 1/81 [ice devil[an orc high priest] (20)]
  7371 | Bailey   | Slain by a smoke demon

Levels and vault maps discovered:
D:1:      matt_arrival_spirals, layout_basic, minmay_misc_feat_tiny
D:2:      layout_rooms, tgw_trog, lemuel_crystal_altar
D:3:      layout_loops_ring, first_ration, uniq_terence, uniq_sigmund, uniq_ijyb
D:4:      layout_loops_ring, minitemple, temple_doors_ab, portal_sewer_entry_d,
          uniq_crazy_yiuf_cottage, uniq_duvessa, uniq_natasha, uniq_menkaure
D:5:      layout_basic, serial_shops, shop
D:6:      layout_loops_ring, serial_shops, kennysheep_little_box,
          uniq_blork_the_orc, uniq_pikel
D:7:      layout_rooms, lemuel_round_altar
D:8:      layout_rooms, okawaru_gym_becter, lemuel_crystal_altar,
          nicolae_overflow_crystal_walls, enter_bailey_6
Temple:   hc_temple_tempest_star
Bailey:   bailey_axe_of_yendor_kennysheep, bailey

Skill      XL: |  1  2  3  4  5  6  7  8  9 10 |
---------------+-------------------------------+-----
Conjurations   | 1 2 3 4 6 7 |  7.4
Unarmed Combat | 1 2 3 4 5 6 7 9 |  9.6
Transmutations | 2 4 5 |  5.0
Dodging        | |  1.5
Stealth        | |  1.0
Spellcasting   | |  2.0
Summonings     | |  0.6
Translocations | |  0.6

Action                   |  1- 3 |  4- 6 |  7- 9 | 10-12 || total
-------------------------+-------+-------+-------+-------++-------
Melee: Unarmed           |   108 |   101 |   442 |    82 ||   733
       Punch             |       |     3 |     5 |     1 ||     9
 Cast: Magic Dart        |     9 |     9 |       |       ||    18
       Mephitic Cloud    |       |     1 |    11 |     4 ||    16
Invok: Curse Item        |       |       |     3 |       ||     3
Evoke: Wand              |       |       |       |     1 ||     1
  Use: Scroll            |       |     3 |    12 |     1 ||    16
       Potion            |       |       |     1 |     2 ||     3
 Stab: Sleeping          |     1 |       |     1 |       ||     2
       Confused          |       |       |    12 |       ||    12
  Eat: Ration            |     2 |       |       |       ||     2
       Chunk             |     5 |    18 |    38 |     2 ||    63
Armor: Robe              |    47 |    23 |   121 |    34 ||   225
Dodge: Dodged            |    47 |    33 |   185 |    36 ||   301
Block: Other             |       |       |    27 |     9 ||    36
       Reflection        |       |       |     1 |       ||     1

Table legend:
 A = Non-vault XP
 B = Vault XP
 C = Vault XP percentage of total XP
 D = Non-vault monster count
 E = Vault monster count
 F = Vault count percentage of total count
                 A         B        C        D         E       F
            +---------+---------+-------+---------+---------+-------
      Total |    4959 |    2123 |  30.0 |     146 |      49 |  25.1
            +---------+---------+-------+---------+---------+-------
        D:1 |       7 |       0 |   0.0 |       6 |       0 |   0.0
        D:2 |     176 |      13 |   6.9 |      26 |       5 |  16.1
        D:3 |      40 |     295 |  88.1 |      15 |       3 |  16.7
        D:4 |     418 |     490 |  54.0 |      21 |       6 |  22.2
        D:5 |     598 |       0 |   0.0 |      17 |       0 |   0.0
        D:6 |     925 |     716 |  43.6 |      25 |       2 |   7.4
        D:7 |    1969 |       0 |   0.0 |      25 |       0 |   0.0
        D:8 |     826 |       0 |   0.0 |      11 |       0 |   0.0
      Sewer |       0 |      80 | 100.0 |       0 |      19 | 100.0
     Bailey |       0 |     529 | 100.0 |       0 |      14 | 100.0
            +---------+---------+-------+---------+---------+-------
